Map: Ultralove

Players

ANDREA - Winner!

  • Race: Protoss Protoss
  • League: Master
  • Spawn Location: 1:00

ManlyManMeat

  • Race: Zerg Zerg
  • League: Master
  • Spawn Location: 7:00

VOD

Have the link to the VOD?

Description

Time

  • Played on: June 15, 2025, 4:55 p.m.
  • Length: 12:21
Show
View Real Time Build Order
Export as new Build Order

ANDREA Protoss - Winner!

Build Orders: Carriers 

Get SALT Encoding   

  1  0:00  Probe  
  12  0:06  Probe  
  14  0:15  Probe  
  15  0:29  Pylon  
  15  0:42  Assimilator  
  15  0:47  Probe  
  16  0:59  Probe  
  16  1:00  Gateway  
  17  1:06  Forge  
  17  1:11  Pylon, Probe  
  18  1:19  Probe  
  18  1:22  Assimilator  
  19  1:29  Probe  
  20  1:41  Probe  
  21  1:49  Cybernetics Core  
  21  1:53  Photon Cannon  
  21  1:57  Probe  
  22  2:09  Probe  
  23  2:17  Nexus  
  23  2:21  Probe  
  24  2:32  Stargate  
  24  2:43  Assimilator  
  24  2:48  Assimilator  
  24  3:06  Nexus  
  24  3:15  Stargate  
  24  3:20  Probe  
  24  3:33  Probe  
  29  3:35  Void Ray  
  29  3:39  Pylon  
  29  3:44  Pylon  
  29  3:48  Assimilator  
  29  3:51  Assimilator  
  33  4:05  Probe  
  33  4:07  Void Ray  
  34  4:13  Probe  
  35  4:22  Probe  
  39  4:26  Probe  
  39  4:27  Void Ray  
  41  4:34  Probe  
  41  4:38  Probe  
  41  4:44  Probe  
  43  4:46  Probe  
  45  4:55  Probe  
  45  4:56  Probe  
  45  4:58  Pylon  
  47  5:06  Probe  
  47  5:11  Probe  
  47  5:13  Void Ray  
  53  5:14  Probe  
  53  5:20  Probe  
  54  5:22  Probe  
  56  5:28  Probe  
  56  5:34  Probe  
  58  5:38  Probe  
  58  5:39  Pylon  
  59  5:46  Probe  
  64  5:50  Probe, Void Ray  
  69  5:59  Void Ray  
  69  6:08  Pylon  
  69  6:19  Fleet Beacon  
  69  6:22  Stargate  
  69  6:28  Pylon  
  73  6:37  Void Ray  
  77  6:53  Protoss Air Weapons Level 1  
  77  6:57  Pylon  
  77  7:06  Carrier  
  77  7:07  Void Ray  
  83  7:13  Pylon  
  83  7:19  Carrier  
  89  7:32  Pylon  
  89  7:47  Carrier  
  95  7:53  Photon Cannon  
  95  7:58  Nexus  
  95  8:14  Carrier  
  95  8:19  Photon Cannon  
  101  8:23  Carrier  
  107  8:33  Assimilator  
  107  8:49  Photon Cannon  
  107  8:54  Pylon  
  107  8:58  Assimilator  
  107  9:24  Carrier  
  113  9:28  Pylon  
  113  9:32  Pylon  
  113  9:44  Pylon  
  113  9:46  Carrier  
  113  9:47  Carrier  
  113  9:52  Robotics Facility  
  125  9:54  Robotics Facility  
  125  9:58  Photon Cannon x2  
  125  9:59  Shield Battery  
  125  10:26  Pylon  
  125  10:28  Probe  
  126  10:36  Probe, Carrier  
  133  10:45  Probe  
  134  10:55  Pylon  
  134  10:58  Probe  
  134  11:00  Carrier  
  141  11:09  Immortal  
  141  11:10  Immortal  
  149  11:13  Probe  
  150  11:19  Robotics Bay  
Show
View Real Time Build Order
Export as new Build Order

ManlyManMeat Zerg 

Build Orders: Hatch First 

Get SALT Encoding   

  12  0:07  Drone  
  12  0:08  Drone  
  14  0:16  Overlord  
  14  0:34  Drone x2  
  16  0:40  Drone  
  17  0:51  Hatchery  
  17  0:54  Drone  
  17  1:08  Spawning Pool  
  17  1:10  Drone  
  17  1:17  Drone  
  18  1:22  Drone  
  19  1:36  Drone  
  20  1:40  Extractor  
  19  1:55  Queen  
  19  1:57  Overlord  
  21  2:03  Queen  
  21  2:04  Drone x2  
  25  2:08  Drone  
  26  2:18  Zergling x4  
  28  2:38  Drone x2, Hatchery  
  28  2:39  Drone x2  
  31  2:45  Metabolic Boost  
  31  2:51  Drone x2  
  33  3:02  Drone x2  
  33  3:04  Overlord  
  35  3:07  Drone  
  36  3:22  Queen  
  36  3:23  Zergling x6  
  36  3:24  Zergling x4  
  43  3:32  Drone  
  43  3:33  Overlord  
  44  3:34  Overlord  
  44  3:52  Queen  
  44  3:54  Drone x3  
  49  4:01  Overlord x2  
  49  4:06  Drone  
  49  4:07  Drone x5  
  54  4:11  Extractor  
  54  4:14  Spore Crawler  
  54  4:16  Spore Crawler  
  51  4:18  Spore Crawler  
  51  4:21  Spore Crawler  
  49  4:25  Lair  
  49  4:48  Drone x4  
  49  4:49  Drone x2  
  49  4:50  Overlord x2  
  55  4:54  Hatchery  
  55  4:58  Spore Crawler  
  53  5:01  Spore Crawler x2  
  53  5:03  Extractor  
  50  5:07  Drone x2, Extractor x2  
  50  5:08  Extractor  
  49  5:25  Hydralisk Den  
  48  5:29  Evolution Chamber  
  48  5:30  Evolution Chamber  
  46  5:37  Queen x2  
  46  5:38  Queen  
  51  5:55  Drone x4  
  51  5:56  Drone, Hydralisk x3  
  62  6:07  Zerg Missile Weapons Level 1  
  62  6:10  Hydralisk  
  64  6:14  Overseer  
  64  6:24  Overseer  
  64  6:32  Hydralisk  
  64  6:33  Hydralisk  
  68  6:58  Hydralisk x5  
  78  7:07  Spire  
  77  7:26  Hydralisk  
  77  7:27  Hydralisk x2  
  83  7:42  Hydralisk x2  
  87  7:48  Zerg Ground Armor Level 1  
  87  7:49  Grooved Spines  
  87  8:11  Drone, Overlord x2  
  88  8:15  Overlord x2  
  88  8:40  Hydralisk x5  
  98  8:44  Zergling x2  
  99  8:50  Muscular Augments  
  99  9:08  Hydralisk x3  
  98  9:15  Hydralisk  
  98  9:16  Hydralisk  
  100  9:33  Drone x5  
  100  9:34  Drone  
  106  9:43  Zerg Missile Weapons Level 2  
  106  9:55  Hydralisk x2  
  110  10:10  Drone x6  
  110  10:11  Drone  
  117  10:21  Corruptor  
  119  10:34  Infestation Pit  
  119  10:35  Drone, Overlord x2  
  119  10:36  Overlord x2  
  119  11:00  Hydralisk x7  
  113  11:25  Corruptor x5  
  106  11:49  Hydralisk x7  
  106  11:50  Hydralisk  
Tags
 
Composition
Carriers
Matchup
PvZ
Replay Pack
Myownreplay2
Spawn Locations
Cross Positions
Add a new tag
Caveats
  • Supply blocks, unpowered buildings, or Contaminate may cause inaccurate times.
  • Supply counts are checked every 10 seconds.